Stars vs Blues

Created - 27 décembre 2019 at 11:13

Goals
1 2 3 T
Stars 1 0 2 3
Blues 1 0 0 1
Shots
1 2 3 T
Stars 12 6 24 42
Blues 13 6 12 31

1st period

1. Blues , Cody Eakin 12 (Colin White 27) at 5:42
2. Stars , Dylan Strome 9 (Mikko Rantanen 17) at 14:50

Penalties :
No Penalty

2nd period

No Goal

Penalties :
Thomas Chabot (DAL) for Hooking (Minor) at 16:47

3rd period

3. Stars , Thomas Chabot 4 (Ryan Strome 10, J.T. Compher 12) at 6:05
4. Stars , Alexander Radulov 9 (Richard Panik 4) at 18:25

Penalties :
No Penalty

Goalie Stats

Jaroslav Halak (DAL), 30 saves from 31 shots - (0,968), W, 8-5-1, 60:00 minutes
Jonathan Quick (STL), 39 saves from 42 shots - (0,929), L, 10-13-2, 60:00 minutes

Players Stats for Stars

Player Name              G  A  P  +/- PIM S  H  SB GA TA FO     MP     PP MP  PK MP  
------------------------------------------------------------------------------------
Adam Henrique            0  0  0   0  0   2  1  0  0  1  1/1    19:08   0:00   0:58 
Alec Martinez            0  0  0   1  0   0  0  5  0  2  0/0    24:12   0:00   1:25 
Alexander Radulov        1  0  1   1  0   5  1  1  2  1  0/0    15:40   0:00   0:00 
Chris Tanev              0  0  0   1  0   2  0  1  0  2  0/0    24:35   0:00   1:17 
Danton Heinen            0  0  0   0  0   2  2  0  1  0  1/3    10:22   0:00   0:43 
Derrick Pouliot          0  0  0   0  0   0  0  1  0  0  0/0    12:55   0:00   0:34 
Dylan Strome             1  0  1   0  0   6  1  1  1  0  13/26  19:10   0:00   0:30 
Gabriel Bourque          0  0  0   0  0   1  2  0  0  1  0/0     9:25   0:00   0:00 
J.T. Compher             0  1  1   1  0   3  0  1  1  1  4/8    16:38   0:00   0:58 
Joe Thornton             0  0  0   1  0   1  1  0  1  0  3/7    14:24   0:00   0:00 
John Klingberg           0  0  0   0  0   4  1  2  0  1  0/0    25:32   0:00   0:42 
Juuso Riikola            0  0  0   0  0   1  0  0  0  2  0/0    12:21   0:00   0:00 
Mikko Rantanen           0  1  1   0  0   6  0  1  1  0  1/2    18:10   0:00   0:00 
Paul Byron               0  0  0   0  0   5  0  0  0  1  1/1     9:03   0:00   0:00 
Richard Panik            0  1  1   1  0   0  2  0  0  1  0/0    15:58   0:00   0:18 
Ryan Strome              0  1  1   1  0   1  1  0  2  0  0/0    15:17   0:00   0:31 
Sam Lafferty             0  0  0   1  0   2  1  0  0  1  0/0    14:30   0:00   0:00 
Thomas Chabot            1  0  1   2  2   1  1  3  0  1  0/0    20:40   0:00   0:00 

Players Stats for Blues

Player Name              G  A  P  +/- PIM S  H  SB GA TA FO     MP     PP MP  PK MP  
------------------------------------------------------------------------------------
Adam Fox                 0  0  0   0  0   0  0  1  1  1  0/0    16:43   0:49   0:00 
Anthony Cirelli          0  0  0  -1  0   5  3  1  0  1  0/1    21:36   1:00   0:00 
Brendan Smith            0  0  0  -1  0   0  0  1  0  1  0/0    12:08   0:00   0:00 
Cody Eakin               1  0  1  -1  0   2  0  2  3  0  15/25  21:36   1:00   0:00 
Colin White              0  1  1  -1  0   5  0  0  0  0  1/2    21:36   1:00   0:00 
Corey Perry              0  0  0   0  0   1  2  0  1  1  0/1    16:55   0:55   0:00 
Curtis Lazar             0  0  0  -1  0   3  1  0  2  0  1/1    13:22   0:04   0:00 
David Schlemko           0  0  0  -1  0   3  2  0  1  2  0/0    23:05   1:10   0:00 
Denis Malgin             0  0  0   0  0   0  2  0  2  0  1/2     8:33   0:00   0:00 
Dominik Simon            0  0  0  -1  0   1  1  1  1  0  0/2    12:18   0:00   0:00 
Jason Demers             0  0  0   0  0   0  0  1  0  1  0/0    16:24   1:10   0:00 
Jeremy Bracco            0  0  0   0  0   0  0  0  0  0  0/0     8:45   0:04   0:00 
Jordan Oesterle          0  0  0   0  0   1  1  1  0  2  0/0    16:43   0:49   0:00 
MacKenzie Weegar         0  0  0   0  0   0  0  0  0  0  0/0     9:20   0:00   0:00 
Matt Benning             0  0  0  -2  0   1  0  2  1  0  0/0    17:22   0:00   0:00 
Matt Martin              0  0  0  -1  0   4  1  0  2  0  1/1    12:56   0:04   0:00 
Melker Karlsson          0  0  0   0  0   2  0  0  1  0  5/13   17:21   0:55   0:00 
Michael Frolik           0  0  0   0  0   3  0  0  0  0  0/0    16:55   0:55   0:00 
Ryan Reaves              0  0  0   0  0   0  0  0  0  0  0/0     8:07   0:00   0:00 
Ryan Sproul              0  0  0   0  0   0  0  0  0  0  0/0     8:15   0:00   0:00 

3 Stars

1 - Jaroslav Halak (DAL)
2 - Alexander Radulov (DAL)
3 - Thomas Chabot (DAL)

Power Play

Stars - 0 on 0 Attempt(s) - 0,00%
Blues - 0 on 1 Attempt(s) - 0,00%

Penalty Kill

Stars - 1 on 1 Attempt(s) - 100,00% - Score 0 goal in Penalty Kill
Blues - 0 on 0 Attempt(s) - 0,00% - Score 0 goal in Penalty Kill

Team Stat

Stars - Hits : 14 - Faceoff Wins : 24 - Blocked Shots : 16 - Penalty Minutes : 2
Blues - Hits : 13 - Faceoff Wins : 24 - Blocked Shots : 10 - Penalty Minutes : 0

Official

Referees : Jon Mclsaac and Mark Lemelin
Linesman : Thor Nelson and Mark Shewchyk

Game Notes

Jason Demers is injured at 3:06 of 3rd period (Left Foot)

Finance

Level 1 -- Attendance: 4246 (70,77%) -- Ticket Income 424 600 $
Level 2 -- Attendance: 4899 (97,98%) -- Ticket Income 293 940 $
Level 3 -- Attendance: 1437 (71,85%) -- Ticket Income 57 480 $
Level 4 -- Attendance: 2277 (56,93%) -- Ticket Income 68 310 $
Luxury Box -- Attendance: 692 (69,20%) -- Ticket Income 138 400 $
Game was played at the St.Louis Garden.
Total Attendance: 13551 (75,28%)
Total Ticket Income: 982 730 $
Other Income: 481 538 $
Total Income: 1 464 268 $

Stars

5 vs 5 Forward 
   Center                   Left Wing                Right Wing               Time % Phy DF OF 
 1 Dylan Strome             Mikko Rantanen           Adam Henrique            35     0   2  3  
 2 J.T. Compher             Richard Panik            Alexander Radulov        28     0   2  3  
 3 Joe Thornton             Ryan Strome              Sam Lafferty             25     0   3  2  
 4 Danton Heinen            Paul Byron               Gabriel Bourque          12     1   4  0  

5 vs 5 Defense 
   Defense                  Defense                                           Time % Phy DF OF 
 1 Alec Martinez            John Klingberg                                    43     1   4  0  
 2 Thomas Chabot            Chris Tanev                                       32     1   4  0  
 3 Derrick Pouliot          Juuso Riikola                                     15     1   4  0  
 4 Chris Tanev              John Klingberg                                    10     1   4  0  

PowerPlay Forward 
   Center                   Left Wing                Right Wing               Time % Phy DF OF 
 1 Dylan Strome             Mikko Rantanen           Adam Henrique            60     0   0  5  
 2 Joe Thornton             Ryan Strome              Alexander Radulov        40     0   0  5  

PowerPlay Defense
   Defense                  Defense                                           Time % Phy DF OF 
 1 Thomas Chabot            John Klingberg                                    60     0   1  4  
 2 Alec Martinez            Chris Tanev                                       40     0   1  4  

Penalty Kill 4 Players Forward 
   Center                   Wing                     Time % Phy DF OF 
 1 Adam Henrique            J.T. Compher             60     1   4  0  
 2 Ryan Strome              Richard Panik            40     1   4  0  

Penalty Kill 4 Players Defense
   Defense                  Defense                  Time % Phy DF OF 
 1 Chris Tanev              Thomas Chabot            60     1   4  0  
 2 John Klingberg           Derrick Pouliot          40     1   4  0  

Penalty Kill - 3 Players Forward 
   Forward                                           Time % Phy DF OF 
 1 Ryan Strome                                       60     1   3  1  
 2 J.T. Compher                                      40     1   4  0  

Penalty Kill - 3 Players Defense
   Defense                  Defense                  Time % Phy DF OF 
 1 Chris Tanev              Alec Martinez            60     1   4  0  
 2 John Klingberg           Juuso Riikola            40     1   4  0  

4 vs 4 Forward 
   Center                   Wing                     Time % Phy DF OF 
 1 Dylan Strome             Alexander Radulov        60     1   2  2  
 2 Adam Henrique            J.T. Compher             40     1   2  2  

4 vs 4 Defense
   Defense                  Defense                  Time % Phy DF OF 
 1 John Klingberg           Alec Martinez            50     1   3  1  
 2 Thomas Chabot            Chris Tanev              50     1   3  1  

Last Minutes Offensive
   Center                   Left Wing                Right Wing               Defense                  Defense                  
   Adam Henrique            Mikko Rantanen           Alexander Radulov        Thomas Chabot            John Klingberg           

Last Minutes Defensive
   Center                   Left Wing                Right Wing               Defense                  Defense                  
   J.T. Compher             Richard Panik            Ryan Strome              Alec Martinez            Chris Tanev              

Goaltenders
Starting : Jaroslav Halak           
Backup : Mikko Koskinen           

Extra Forwards
Normal : Ryan Strome, Gabriel Bourque, J.T. Compher - PP : Richard Panik, Gabriel Bourque - PK : Ryan Strome
Extra Defensemen
Normal : John Klingberg, Thomas Chabot, Derrick Pouliot - PP : John Klingberg - PK : Thomas Chabot, Derrick Pouliot
Penalty Shots
Dylan Strome, Alexander Radulov, Adam Henrique, Ryan Strome, Richard Panik
Custom OT Lines Forwards
Dylan Strome, Mikko Rantanen, Adam Henrique, Alexander Radulov, Richard Panik, Joe Thornton, J.T. Compher, Paul Byron, Ryan Strome, Danton Heinen
Custom OT Lines Defensemen
John Klingberg, Thomas Chabot, Alec Martinez, Derrick Pouliot, Chris Tanev

Scratches
Brandon Sutter (Broken Bone (Left Leg) Injury), Dion Phaneuf (Bruised Left Arm Injury)

Blues

5 vs 5 Forward 
   Center                   Left Wing                Right Wing               Time % Phy DF OF 
 1 Cody Eakin               Anthony Cirelli          Colin White              40     1   2  2  
 2 Melker Karlsson          Michael Frolik           Corey Perry              30     1   2  2  
 3 Dominik Simon            Matt Martin              Curtis Lazar             20     1   2  2  
 4 Denis Malgin             Ryan Reaves              Jeremy Bracco            10     1   2  2  

5 vs 5 Defense 
   Defense                  Defense                                           Time % Phy DF OF 
 1 Jason Demers             David Schlemko                                    40     1   2  2  
 2 Adam Fox                 Jordan Oesterle                                   30     1   2  2  
 3 Matt Benning             Brendan Smith                                     20     1   2  2  
 4 MacKenzie Weegar         Ryan Sproul                                       10     1   2  2  

PowerPlay Forward 
   Center                   Left Wing                Right Wing               Time % Phy DF OF 
 1 Cody Eakin               Anthony Cirelli          Colin White              60     1   2  2  
 2 Melker Karlsson          Michael Frolik           Corey Perry              40     1   2  2  

PowerPlay Defense
   Defense                  Defense                                           Time % Phy DF OF 
 1 Jason Demers             David Schlemko                                    60     1   2  2  
 2 Adam Fox                 Jordan Oesterle                                   40     1   2  2  

Penalty Kill 4 Players Forward 
   Center                   Wing                     Time % Phy DF OF 
 1 Cody Eakin               Anthony Cirelli          60     1   2  2  
 2 Colin White              Michael Frolik           40     1   2  2  

Penalty Kill 4 Players Defense
   Defense                  Defense                  Time % Phy DF OF 
 1 Jason Demers             David Schlemko           60     1   2  2  
 2 Adam Fox                 Jordan Oesterle          40     1   2  2  

Penalty Kill - 3 Players Forward 
   Forward                                           Time % Phy DF OF 
 1 Cody Eakin                                        60     1   2  2  
 2 Anthony Cirelli                                   40     1   2  2  

Penalty Kill - 3 Players Defense
   Defense                  Defense                  Time % Phy DF OF 
 1 Jason Demers             David Schlemko           60     1   2  2  
 2 Adam Fox                 Jordan Oesterle          40     1   2  2  

4 vs 4 Forward 
   Center                   Wing                     Time % Phy DF OF 
 1 Cody Eakin               Anthony Cirelli          60     1   2  2  
 2 Colin White              Michael Frolik           40     1   2  2  

4 vs 4 Defense
   Defense                  Defense                  Time % Phy DF OF 
 1 Jason Demers             David Schlemko           60     1   2  2  
 2 Adam Fox                 Jordan Oesterle          40     1   2  2  

Last Minutes Offensive
   Center                   Left Wing                Right Wing               Defense                  Defense                  
   Cody Eakin               Anthony Cirelli          Colin White              Jason Demers             David Schlemko           

Last Minutes Defensive
   Center                   Left Wing                Right Wing               Defense                  Defense                  
   Cody Eakin               Anthony Cirelli          Colin White              Jason Demers             David Schlemko           

Goaltenders
Starting : Jonathan Quick           
Backup : Tom McCollum             

Extra Forwards
Normal : Curtis Lazar, Matt Martin, Jeremy Bracco - PP : Curtis Lazar, Matt Martin - PK : Jeremy Bracco
Extra Defensemen
Normal : Matt Benning, Brendan Smith, MacKenzie Weegar - PP : Matt Benning - PK : Brendan Smith, MacKenzie Weegar
Penalty Shots
Cody Eakin, Anthony Cirelli, Colin White, Michael Frolik, Corey Perry
Custom OT Lines Forwards
Cody Eakin, Anthony Cirelli, Colin White, Michael Frolik, Corey Perry, Curtis Lazar, Matt Martin, Jeremy Bracco, Melker Karlsson, Ryan Reaves
Custom OT Lines Defensemen
Jason Demers, David Schlemko, Adam Fox, Jordan Oesterle, Matt Benning

Scratches
Zach Sanford (Healthy)

% Time on Ice - Stars

Lines # - Real PCT - Wanted PCT - Time Play
Normal Forward
1 - 32% - 35% - 18:26
2 - 28% - 28% - 16:08
3 - 25% - 25% - 14:24
4 - 16% - 12% - 9:03
Normal Defense
1 - 39% - 43% - 22:43
2 - 34% - 32% - 19:41
3 - 21% - 15% - 12:21
4 - 6% - 10% - 3:16
PP Forward
1 - 0% - 60%
2 - 0% - 40%
PP Defense
1 - 0% - 60%
2 - 0% - 40%
PK Forward
1 - 85% - 60% - 1:41
2 - 15% - 40% - 0:18
PK Defense
1 - 71% - 60% - 1:25
2 - 29% - 40% - 0:34
PK3 Forward
1 - 0% - 60%
2 - 0% - 40%
PK3 Defense
1 - 0% - 60%
2 - 0% - 40%
44 Forward
1 - 0% - 60%
2 - 0% - 40%
44 Defense
1 - 0% - 50%
2 - 0% - 50%
Last Minute Offensive  - 0:00
Last Minute Defensive  - 0:00
Total
Forward - 60:00
Defense - 60:00

% Time on Ice - Blues

Lines # - Real PCT - Wanted PCT - Time Play
Normal Forward
1 - 37% - 40% - 21:36
2 - 28% - 30% - 16:00
3 - 21% - 20% - 12:18
4 - 14% - 10% - 8:07
Normal Defense
1 - 38% - 40% - 21:55
2 - 27% - 30% - 15:54
3 - 21% - 20% - 11:57
4 - 14% - 10% - 8:15
PP Forward
1 - 54% - 60% - 1:04
2 - 46% - 40% - 0:55
PP Defense
1 - 59% - 60% - 1:10
2 - 41% - 40% - 0:49
PK Forward
1 - 0% - 60%
2 - 0% - 40%
PK Defense
1 - 0% - 60%
2 - 0% - 40%
PK3 Forward
1 - 0% - 60%
2 - 0% - 40%
PK3 Defense
1 - 0% - 60%
2 - 0% - 40%
44 Forward
1 - 0% - 60%
2 - 0% - 40%
44 Defense
1 - 0% - 60%
2 - 0% - 40%
Last Minute Offensive  - 0:00
Last Minute Defensive  - 0:00
Total
Forward - 60:00
Defense - 60:00

Play-by-Play

1st period


0:01 of 1st period - Dylan Strome wins face-off versus Cody Eakin in neutral zone.
1:52 of 1st period - Snap shot by Dominik Simon.
1:52 of 1st period - Shot Misses the Net.
1:54 of 1st period - Snap shot by Curtis Lazar.
1:54 of 1st period - Shot Misses the Net.
2:21 of 1st period - Wrist shot by Danton Heinen.
2:21 of 1st period - Shot Misses the Net.
2:23 of 1st period - Slapshot by Chris Tanev.
2:23 of 1st period - Shot Blocked by Jordan Oesterle.
2:25 of 1st period - Snap shot by Gabriel Bourque.
2:25 of 1st period - Deflect By Paul Byron.
2:25 of 1st period - Stopped by Jonathan Quick without a rebound.
2:26 of 1st period - Cody Eakin wins face-off versus Dylan Strome in Blues zone.
3:17 of 1st period - Snap shot by Denis Malgin.
3:17 of 1st period - Deflect By Ryan Reaves.
3:17 of 1st period - Shot Misses the Net.
3:17 of 1st period - Puck is out of play.
3:18 of 1st period - Joe Thornton wins face-off versus Denis Malgin in Stars zone.
4:36 of 1st period - Snap shot by Corey Perry.
4:36 of 1st period - Shot Blocked by Derrick Pouliot.
4:38 of 1st period - Slapshot by David Schlemko.
4:38 of 1st period - Stopped by Jaroslav Halak with a rebound.
5:02 of 1st period - Snap shot by Michael Frolik.
5:02 of 1st period - Stopped by Jaroslav Halak with a rebound.
5:04 of 1st period - Snap shot by Melker Karlsson.
5:04 of 1st period - Stopped by Jaroslav Halak with a rebound.
5:38 of 1st period - Snap shot by Corey Perry.
5:38 of 1st period - Stopped by Jaroslav Halak without a rebound.
5:39 of 1st period - Cody Eakin wins face-off versus Mikko Rantanen in Stars zone.
5:42 of 1st period - Snap shot by Cody Eakin.
5:42 of 1st period - Goal by Cody Eakin - Stars : 0 - Blues : 1.
5:43 of 1st period - Cody Eakin wins face-off versus Dylan Strome in neutral zone.
6:40 of 1st period - Slapshot by Paul Byron.
6:40 of 1st period - Stopped by Jonathan Quick with a rebound.
7:16 of 1st period - Off-side.
7:17 of 1st period - J.T. Compher wins face-off versus Cody Eakin in neutral zone.
8:15 of 1st period - Wrist shot by Melker Karlsson.
8:15 of 1st period - Stopped by Jaroslav Halak without a rebound.
8:16 of 1st period - Joe Thornton wins face-off versus Corey Perry in Stars zone.
8:27 of 1st period - Snap shot by Sam Lafferty.
8:27 of 1st period - Shot Misses the Net.
8:29 of 1st period - Snap shot by John Klingberg.
8:29 of 1st period - Deflect By David Schlemko.
8:29 of 1st period - Stopped by Jonathan Quick without a rebound.
8:30 of 1st period - Cody Eakin wins face-off versus Dylan Strome in Blues zone.
10:07 of 1st period - Backhand shot by Paul Byron.
10:07 of 1st period - Shot Blocked by Matt Benning.
10:09 of 1st period - Slapshot by John Klingberg.
10:09 of 1st period - Shot Misses the Net.
10:51 of 1st period - Slapshot by Corey Perry.
10:51 of 1st period - Shot Hit the Post.
11:06 of 1st period - Snap shot by Colin White.
11:06 of 1st period - Stopped by Jaroslav Halak without a rebound.
11:07 of 1st period - Cody Eakin wins face-off versus Dylan Strome in Stars zone.
11:12 of 1st period - Snap shot by Colin White.
11:12 of 1st period - Shot Misses the Net.
11:14 of 1st period - Slapshot by Jason Demers.
11:14 of 1st period - Shot Misses the Net.
11:16 of 1st period - Wrist shot by Jason Demers.
11:16 of 1st period - Shot Misses the Net.
11:18 of 1st period - Wrist shot by Jason Demers.
11:18 of 1st period - Shot Blocked by Alec Martinez.
11:20 of 1st period - Slapshot by David Schlemko.
11:20 of 1st period - Stopped by Jaroslav Halak without a rebound.
11:21 of 1st period - Dylan Strome wins face-off versus Cody Eakin in Stars zone.
11:30 of 1st period - Wrist shot by Mikko Rantanen.
11:30 of 1st period - Stopped by Jonathan Quick with a rebound.
11:36 of 1st period - Snap shot by Mikko Rantanen.
11:36 of 1st period - Stopped by Jonathan Quick with a rebound.
11:48 of 1st period - Ryan Strome is hit by Corey Perry and loses puck.
12:13 of 1st period - Snap shot by Curtis Lazar.
12:13 of 1st period - Deflect By Matt Martin.
12:13 of 1st period - Shot Blocked by J.T. Compher.
12:13 of 1st period - Puck is out of play.
12:14 of 1st period - Cody Eakin wins face-off versus Dylan Strome in Stars zone.
12:44 of 1st period - Slapshot by Michael Frolik.
12:44 of 1st period - Shot Misses the Net.
13:29 of 1st period - Alec Martinez is hit by Curtis Lazar and loses puck.
14:33 of 1st period - Wrist shot by J.T. Compher.
14:33 of 1st period - Stopped by Jonathan Quick with a rebound.
14:40 of 1st period - Icing by Jason Demers.
14:41 of 1st period - Dylan Strome wins face-off versus Anthony Cirelli in Blues zone.
14:42 of 1st period - Slapshot by Mikko Rantanen.
14:42 of 1st period - Stopped by Jonathan Quick with a rebound.
14:44 of 1st period - Slapshot by John Klingberg.
14:44 of 1st period - Stopped by Jonathan Quick without a rebound.
14:45 of 1st period - Dylan Strome wins face-off versus Cody Eakin in Blues zone.
14:50 of 1st period - Slapshot by Dylan Strome.
14:50 of 1st period - Goal by Dylan Strome - Stars : 1 - Blues : 1.
14:51 of 1st period - Cody Eakin wins face-off versus Dylan Strome in neutral zone.
15:43 of 1st period - Snap shot by Richard Panik.
15:43 of 1st period - Shot Misses the Net.
15:45 of 1st period - Wrist shot by Chris Tanev.
15:45 of 1st period - Shot Misses the Net.
15:47 of 1st period - Slapshot by J.T. Compher.
15:47 of 1st period - Shot Misses the Net.
16:10 of 1st period - Snap shot by Denis Malgin.
16:10 of 1st period - Shot Misses the Net.
16:12 of 1st period - Snap shot by David Schlemko.
16:12 of 1st period - Stopped by Jaroslav Halak without a rebound.
16:13 of 1st period - Colin White wins face-off versus Joe Thornton in Stars zone.
16:20 of 1st period - Wrist shot by Anthony Cirelli.
16:20 of 1st period - Stopped by Jaroslav Halak with a rebound.
16:22 of 1st period - Slapshot by David Schlemko.
16:22 of 1st period - Deflect By Colin White.
16:22 of 1st period - Shot Blocked by Alec Martinez.
16:22 of 1st period - Puck is out of play.
16:23 of 1st period - Cody Eakin wins face-off versus Joe Thornton in Stars zone.
16:24 of 1st period - Snap shot by Colin White.
16:24 of 1st period - Shot Blocked by John Klingberg.
16:30 of 1st period - Slapshot by Sam Lafferty.
16:30 of 1st period - Stopped by Jonathan Quick with a rebound.
16:48 of 1st period - Snap shot by Anthony Cirelli.
16:48 of 1st period - Stopped by Jaroslav Halak with a rebound.
17:15 of 1st period - Snap shot by Ryan Strome.
17:15 of 1st period - Stopped by Jonathan Quick with a rebound.
17:21 of 1st period - Wrist shot by Cody Eakin.
17:21 of 1st period - Shot Blocked by Alec Martinez.
17:33 of 1st period - Snap shot by Anthony Cirelli.
17:33 of 1st period - Stopped by Jaroslav Halak with a rebound.
17:54 of 1st period - Snap shot by Sam Lafferty.
17:54 of 1st period - Shot Misses the Net.
18:14 of 1st period - Alec Martinez is hit by David Schlemko.
18:29 of 1st period - Wrist shot by Colin White.
18:29 of 1st period - Stopped by Jaroslav Halak with a rebound.
19:01 of 1st period - Snap shot by Colin White.
19:01 of 1st period - Shot Blocked by John Klingberg.
19:25 of 1st period - Wrist shot by Joe Thornton.
19:25 of 1st period - Stopped by Jonathan Quick without a rebound.
19:26 of 1st period - Melker Karlsson wins face-off versus Dylan Strome in Blues zone.
19:28 of 1st period - Icing by Corey Perry.
19:29 of 1st period - Dylan Strome wins face-off versus Melker Karlsson in Blues zone.
Goals for this period are 1 for Stars vs 1 for Blues.
Shots for this period are 12 for Stars vs 13 for Blues.

2nd period


0:01 of 2nd period - Dylan Strome wins face-off versus Melker Karlsson in neutral zone.
0:36 of 2nd period - Wrist shot by Alexander Radulov.
0:36 of 2nd period - Stopped by Jonathan Quick with a rebound.
0:50 of 2nd period - Alexander Radulov is hit by Anthony Cirelli and loses puck.
1:47 of 2nd period - Snap shot by Anthony Cirelli.
1:47 of 2nd period - Stopped by Jaroslav Halak without a rebound.
1:48 of 2nd period - Dylan Strome wins face-off versus Melker Karlsson in Stars zone.
1:53 of 2nd period - Slapshot by John Klingberg.
1:53 of 2nd period - Stopped by Jonathan Quick without a rebound.
1:54 of 2nd period - Melker Karlsson wins face-off versus Dylan Strome in Blues zone.
1:59 of 2nd period - John Klingberg is hit by Jordan Oesterle.
2:07 of 2nd period - Snap shot by Mikko Rantanen.
2:07 of 2nd period - Shot Misses the Net.
2:09 of 2nd period - Snap shot by Mikko Rantanen.
2:09 of 2nd period - Stopped by Jonathan Quick without a rebound.
2:10 of 2nd period - Danton Heinen wins face-off versus Dominik Simon in Blues zone.
2:11 of 2nd period - Snap shot by Paul Byron.
2:11 of 2nd period - Deflect By Danton Heinen.
2:11 of 2nd period - Shot Misses the Net.
2:11 of 2nd period - Puck is out of play.
2:12 of 2nd period - Matt Martin wins face-off versus Danton Heinen in Blues zone.
2:28 of 2nd period - Dominik Simon is hit by Danton Heinen and loses puck.
2:43 of 2nd period - Wrist shot by Corey Perry.
2:43 of 2nd period - Shot Blocked by Mikko Rantanen.
2:51 of 2nd period - Wrist shot by Corey Perry.
2:51 of 2nd period - Shot Misses the Net.
3:27 of 2nd period - Snap shot by Colin White.
3:27 of 2nd period - Shot Blocked by Alexander Radulov.
3:49 of 2nd period - Snap shot by Corey Perry.
3:49 of 2nd period - Shot Blocked by Thomas Chabot.
3:51 of 2nd period - Backhand shot by MacKenzie Weegar.
3:51 of 2nd period - Shot Blocked by Chris Tanev.
3:53 of 2nd period - Wrist shot by Melker Karlsson.
3:53 of 2nd period - Shot Blocked by Thomas Chabot.
4:34 of 2nd period - Snap shot by Mikko Rantanen.
4:34 of 2nd period - Shot Misses the Net.
4:36 of 2nd period - Snap shot by Mikko Rantanen.
4:36 of 2nd period - Shot Misses the Net.
5:06 of 2nd period - Slapshot by Mikko Rantanen.
5:06 of 2nd period - Shot Misses the Net.
5:08 of 2nd period - Slapshot by Adam Henrique.
5:08 of 2nd period - Shot Misses the Net.
5:10 of 2nd period - Snap shot by Thomas Chabot.
5:10 of 2nd period - Shot Hit the Post.
5:12 of 2nd period - Slapshot by Chris Tanev.
5:12 of 2nd period - Stopped by Jonathan Quick without a rebound.
5:13 of 2nd period - Melker Karlsson wins face-off versus J.T. Compher in Blues zone.
6:56 of 2nd period - Adam Fox is hit by Alexander Radulov.
7:14 of 2nd period - Jordan Oesterle is hit by Thomas Chabot and loses puck.
7:56 of 2nd period - Matt Martin is hit by Danton Heinen and loses puck.
9:00 of 2nd period - Brendan Smith is hit by Richard Panik and loses puck.
9:08 of 2nd period - Off-side.
9:09 of 2nd period - Cody Eakin wins face-off versus Joe Thornton in neutral zone.
10:48 of 2nd period - Snap shot by Sam Lafferty.
10:48 of 2nd period - Stopped by Jonathan Quick with a rebound.
11:31 of 2nd period - Slapshot by Michael Frolik.
11:31 of 2nd period - Stopped by Jaroslav Halak without a rebound.
11:32 of 2nd period - Cody Eakin wins face-off versus Dylan Strome in Stars zone.
11:47 of 2nd period - Slapshot by Mikko Rantanen.
11:47 of 2nd period - Shot Misses the Net.
12:06 of 2nd period - Snap shot by Richard Panik.
12:06 of 2nd period - Shot Misses the Net.
12:08 of 2nd period - Slapshot by Alec Martinez.
12:08 of 2nd period - Shot Blocked by Adam Fox.
12:23 of 2nd period - Jason Demers is hit by Gabriel Bourque and loses puck.
12:42 of 2nd period - Mikko Rantanen is hit by Corey Perry and loses puck.
12:49 of 2nd period - Wrist shot by Melker Karlsson.
12:49 of 2nd period - Shot Misses the Net.
13:01 of 2nd period - Snap shot by Anthony Cirelli.
13:01 of 2nd period - Shot Blocked by Dylan Strome.
13:03 of 2nd period - Backhand shot by Colin White.
13:03 of 2nd period - Stopped by Jaroslav Halak with a rebound.
13:33 of 2nd period - J.T. Compher is hit by Dominik Simon and loses puck.
13:56 of 2nd period - Wrist shot by Alexander Radulov.
13:56 of 2nd period - Shot Misses the Net.
14:40 of 2nd period - Wrist shot by Ryan Strome.
14:40 of 2nd period - Shot Misses the Net.
15:41 of 2nd period - Sam Lafferty is hit by Denis Malgin and loses puck.
16:02 of 2nd period - Backhand shot by John Klingberg.
16:02 of 2nd period - Deflect By Danton Heinen.
16:02 of 2nd period - Stopped by Jonathan Quick with a rebound.
16:04 of 2nd period - Wrist shot by Gabriel Bourque.
16:04 of 2nd period - Shot Misses the Net.
16:06 of 2nd period - Slapshot by John Klingberg.
16:06 of 2nd period - Shot Misses the Net.
16:08 of 2nd period - Slapshot by Chris Tanev.
16:08 of 2nd period - Shot Blocked by Anthony Cirelli.
16:20 of 2nd period - Wrist shot by Curtis Lazar.
16:20 of 2nd period - Shot Misses the Net.
16:22 of 2nd period - Snap shot by Matt Martin.
16:22 of 2nd period - Stopped by Jaroslav Halak with a rebound.
16:24 of 2nd period - Snap shot by Matt Martin.
16:24 of 2nd period - Stopped by Jaroslav Halak without a rebound.
16:25 of 2nd period - Paul Byron wins face-off versus Melker Karlsson in Stars zone.
16:47 of 2nd period - Minor Penalty to Thomas Chabot for Hooking.
16:48 of 2nd period - Adam Henrique wins face-off versus Colin White in Stars zone.
17:01 of 2nd period - Snap shot by Anthony Cirelli.
17:01 of 2nd period - Stopped by Jaroslav Halak with a rebound.
18:47 of 2nd period - Penalty to Thomas Chabot is over, Thomas Chabot is back on ice.
Goals for this period are 0 for Stars vs 0 for Blues.
Shots for this period are 6 for Stars vs 6 for Blues.

3rd period


0:01 of 3rd period - Dylan Strome wins face-off versus Cody Eakin in neutral zone.
0:14 of 3rd period - Wrist shot by Dylan Strome.
0:14 of 3rd period - Stopped by Jonathan Quick with a rebound.
0:35 of 3rd period - Snap shot by J.T. Compher.
0:35 of 3rd period - Stopped by Jonathan Quick with a rebound.
1:18 of 3rd period - Thomas Chabot is hit by Denis Malgin and loses puck.
1:57 of 3rd period - Snap shot by J.T. Compher.
1:57 of 3rd period - Deflect By Michael Frolik.
1:57 of 3rd period - Shot Misses the Net.
1:57 of 3rd period - Puck is out of play.
1:58 of 3rd period - Cody Eakin wins face-off versus J.T. Compher in Blues zone.
2:05 of 3rd period - Slapshot by J.T. Compher.
2:05 of 3rd period - Stopped by Jonathan Quick without a rebound.
2:06 of 3rd period - Cody Eakin wins face-off versus J.T. Compher in Blues zone.
2:13 of 3rd period - Snap shot by Colin White.
2:13 of 3rd period - Stopped by Jaroslav Halak with a rebound.
2:15 of 3rd period - Snap shot by Colin White.
2:15 of 3rd period - Stopped by Jaroslav Halak without a rebound.
2:16 of 3rd period - Dylan Strome wins face-off versus Cody Eakin in Stars zone.
2:16 of 3rd period - Dylan Strome is hit by David Schlemko.
2:26 of 3rd period - Snap shot by Dylan Strome.
2:26 of 3rd period - Stopped by Jonathan Quick with a rebound.
2:28 of 3rd period - Wrist shot by John Klingberg.
2:28 of 3rd period - Stopped by Jonathan Quick without a rebound.
2:29 of 3rd period - Cody Eakin wins face-off versus Dylan Strome in Blues zone.
3:06 of 3rd period - Snap shot by Richard Panik.
3:06 of 3rd period - Shot Blocked by Jason Demers.
3:06 of 3rd period - Jason Demers from Blues is injured at 3:06 of 3rd period (Left Foot).
3:07 of 3rd period - Dylan Strome wins face-off versus Cody Eakin in Blues zone.
3:08 of 3rd period - Snap shot by Mikko Rantanen.
3:08 of 3rd period - Stopped by Jonathan Quick with a rebound.
3:22 of 3rd period - Snap shot by Colin White.
3:22 of 3rd period - Shot Misses the Net.
3:52 of 3rd period - Icing by Chris Tanev.
3:53 of 3rd period - Melker Karlsson wins face-off versus Dylan Strome in Stars zone.
4:43 of 3rd period - Wrist shot by Curtis Lazar.
4:43 of 3rd period - Stopped by Jaroslav Halak with a rebound.
4:45 of 3rd period - Slapshot by Matt Benning.
4:45 of 3rd period - Shot Hit the Post.
4:47 of 3rd period - Snap shot by Matt Benning.
4:47 of 3rd period - Stopped by Jaroslav Halak without a rebound.
4:48 of 3rd period - Cody Eakin wins face-off versus Joe Thornton in Stars zone.
5:13 of 3rd period - Colin White is hit by Gabriel Bourque and loses puck.
5:34 of 3rd period - Snap shot by Cody Eakin.
5:34 of 3rd period - Stopped by Jaroslav Halak without a rebound.
5:35 of 3rd period - J.T. Compher wins face-off versus Melker Karlsson in Stars zone.
6:05 of 3rd period - Slapshot by Thomas Chabot.
6:05 of 3rd period - Goal by Thomas Chabot - Stars : 2 - Blues : 1.
6:06 of 3rd period - Dylan Strome wins face-off versus Melker Karlsson in neutral zone.
6:31 of 3rd period - Jordan Oesterle is hit by John Klingberg and loses puck.
6:53 of 3rd period - Snap shot by Matt Martin.
6:53 of 3rd period - Stopped by Jaroslav Halak with a rebound.
6:55 of 3rd period - Backhand shot by Curtis Lazar.
6:55 of 3rd period - Stopped by Jaroslav Halak without a rebound.
6:56 of 3rd period - Curtis Lazar wins face-off versus Dylan Strome in Stars zone.
7:05 of 3rd period - Slapshot by Dylan Strome.
7:05 of 3rd period - Stopped by Jonathan Quick without a rebound.
7:06 of 3rd period - Mikko Rantanen wins face-off versus Cody Eakin in Blues zone.
7:09 of 3rd period - Wrist shot by Dylan Strome.
7:09 of 3rd period - Stopped by Jonathan Quick with a rebound.
7:35 of 3rd period - Slapshot by Adam Henrique.
7:35 of 3rd period - Stopped by Jonathan Quick with a rebound.
7:37 of 3rd period - Wrist shot by Adam Henrique.
7:37 of 3rd period - Stopped by Jonathan Quick with a rebound.
7:39 of 3rd period - Backhand shot by Thomas Chabot.
7:39 of 3rd period - Shot Blocked by Matt Benning.
8:13 of 3rd period - Snap shot by Mikko Rantanen.
8:13 of 3rd period - Shot Misses the Net.
8:15 of 3rd period - Slapshot by Chris Tanev.
8:15 of 3rd period - Shot Misses the Net.
8:25 of 3rd period - Wrist shot by Mikko Rantanen.
8:25 of 3rd period - Stopped by Jonathan Quick with a rebound.
8:27 of 3rd period - Snap shot by Mikko Rantanen.
8:27 of 3rd period - Shot Misses the Net.
8:29 of 3rd period - Snap shot by Dylan Strome.
8:29 of 3rd period - Stopped by Jonathan Quick without a rebound.
8:30 of 3rd period - Cody Eakin wins face-off versus J.T. Compher in Blues zone.
8:56 of 3rd period - Matt Martin is hit by Sam Lafferty and loses puck.
9:37 of 3rd period - Sam Lafferty is hit by Anthony Cirelli and loses puck.
11:02 of 3rd period - Corey Perry is hit by Richard Panik and loses puck.
11:29 of 3rd period - Slapshot by Jordan Oesterle.
11:29 of 3rd period - Stopped by Jaroslav Halak without a rebound.
11:30 of 3rd period - Denis Malgin wins face-off versus Danton Heinen in Stars zone.
11:55 of 3rd period - Juuso Riikola is hit by Anthony Cirelli and loses puck.
12:18 of 3rd period - Wrist shot by Michael Frolik.
12:18 of 3rd period - Stopped by Jaroslav Halak with a rebound.
13:39 of 3rd period - Wrist shot by Adam Henrique.
13:39 of 3rd period - Shot Misses the Net.
13:41 of 3rd period - Slapshot by Juuso Riikola.
13:41 of 3rd period - Shot Misses the Net.
13:43 of 3rd period - Slapshot by Juuso Riikola.
13:43 of 3rd period - Stopped by Jonathan Quick without a rebound.
13:44 of 3rd period - Melker Karlsson wins face-off versus Dylan Strome in Blues zone.
13:44 of 3rd period - Melker Karlsson is hit by Adam Henrique.
13:49 of 3rd period - Icing by Jordan Oesterle.
13:50 of 3rd period - Dylan Strome wins face-off versus Melker Karlsson in Blues zone.
14:12 of 3rd period - Wrist shot by Michael Frolik.
14:12 of 3rd period - Shot Blocked by Alec Martinez.
14:14 of 3rd period - Slapshot by Adam Fox.
14:14 of 3rd period - Deflect By Corey Perry.
14:14 of 3rd period - Shot Blocked by Alec Martinez.
14:14 of 3rd period - Puck is out of play.
14:15 of 3rd period - J.T. Compher wins face-off versus Cody Eakin in Stars zone.
14:23 of 3rd period - Snap shot by Alexander Radulov.
14:23 of 3rd period - Stopped by Jonathan Quick with a rebound.
14:25 of 3rd period - Slapshot by Chris Tanev.
14:25 of 3rd period - Shot Blocked by Cody Eakin.
14:27 of 3rd period - Slapshot by Chris Tanev.
14:27 of 3rd period - Stopped by Jonathan Quick with a rebound.
14:29 of 3rd period - Wrist shot by J.T. Compher.
14:29 of 3rd period - Shot Blocked by Cody Eakin.
14:45 of 3rd period - Wrist shot by Paul Byron.
14:45 of 3rd period - Stopped by Jonathan Quick with a rebound.
15:26 of 3rd period - Ryan Strome is hit by Matt Martin and loses puck.
15:37 of 3rd period - Snap shot by Dominik Simon.
15:37 of 3rd period - Stopped by Jaroslav Halak without a rebound.
15:38 of 3rd period - Dylan Strome wins face-off versus Melker Karlsson in Stars zone.
16:19 of 3rd period - Icing by Brendan Smith.
16:20 of 3rd period - J.T. Compher wins face-off versus Dominik Simon in Blues zone.
16:55 of 3rd period - Wrist shot by Alexander Radulov.
16:55 of 3rd period - Stopped by Jonathan Quick with a rebound.
16:57 of 3rd period - Wrist shot by Alexander Radulov.
16:57 of 3rd period - Shot Misses the Net.
16:59 of 3rd period - Slapshot by Juuso Riikola.
16:59 of 3rd period - Shot Blocked by Dominik Simon.
17:11 of 3rd period - Snap shot by Danton Heinen.
17:11 of 3rd period - Stopped by Jonathan Quick with a rebound.
17:13 of 3rd period - Slapshot by Alec Martinez.
17:13 of 3rd period - Deflect By Paul Byron.
17:13 of 3rd period - Stopped by Jonathan Quick with a rebound.
17:15 of 3rd period - Slapshot by John Klingberg.
17:15 of 3rd period - Shot Blocked by Brendan Smith.
17:17 of 3rd period - Wrist shot by Gabriel Bourque.
17:17 of 3rd period - Stopped by Jonathan Quick with a rebound.
17:19 of 3rd period - Wrist shot by Paul Byron.
17:19 of 3rd period - Stopped by Jonathan Quick with a rebound.
18:05 of 3rd period - Matt Benning is hit by Dylan Strome and loses puck.
18:23 of 3rd period - Wrist shot by Alexander Radulov.
18:23 of 3rd period - Stopped by Jonathan Quick with a rebound.
18:25 of 3rd period - Snap shot by Alexander Radulov.
18:25 of 3rd period - Goal by Alexander Radulov - Stars : 3 - Blues : 1.
18:26 of 3rd period - Joe Thornton wins face-off versus Cody Eakin in neutral zone.
18:34 of 3rd period - David Schlemko is hit by Joe Thornton and loses puck.
19:21 of 3rd period - Snap shot by Matt Martin.
19:21 of 3rd period - Stopped by Jaroslav Halak with a rebound.
19:23 of 3rd period - Snap shot by Curtis Lazar.
19:23 of 3rd period - Stopped by Jaroslav Halak with a rebound.
19:25 of 3rd period - Snap shot by Jeremy Bracco.
19:25 of 3rd period - Shot Blocked by Thomas Chabot.
19:27 of 3rd period - Snap shot by Jeremy Bracco.
19:27 of 3rd period - Shot Misses the Net.
19:47 of 3rd period - Denis Malgin is hit by Ryan Strome and loses puck.
Goals for this period are 2 for Stars vs 0 for Blues.
Shots for this period are 24 for Stars vs 12 for Blues.